Map: Pillars of Gold LE

Players

Future

  • Race: Terran Terran
  • Spawn Location: 1:00

PiLiPiLi - Winner!

  • Race: Protoss Protoss
  • League: Grandmaster
  • Spawn Location: 7:00

Event: DreamHack SC2 Masters 2020 Fall

VOD

Have the link to the VOD?

Description

Time

  • Played on: Sept. 6, 2020, 4 p.m.
  • Length: 10:01

All games in this series

Show
View Real Time Build Order
Export as new Build Order

Future Terran 

Build Orders: Reaper Expand 

Get SALT Encoding   

  12  0:00  SCV  
  13  0:12  SCV  
  14  0:17  Supply Depot  
  14  0:24  SCV  
  15  0:39  SCV  
  15  0:40  Barracks  
  16  0:45  Refinery  
  16  0:51  SCV  
  17  1:03  SCV  
  18  1:15  SCV  
  19  1:27  Orbital Command  
  19  1:28  Reaper  
  20  1:45  Command Center  
  20  1:53  SCV  
  21  1:55  Supply Depot  
  21  2:00  Marine  
  22  2:05  SCV  
  23  2:12  Factory  
  23  2:17  SCV  
  23  2:18  Marine  
  23  2:21  Refinery  
  26  2:30  Bunker, SCV  
  26  2:38  Barracks Reactor  
  26  2:42  SCV  
  27  2:54  SCV  
  27  2:57  Starport  
  30  2:59  Orbital Command  
  28  3:06  SCV  
  28  3:09  Hellion  
  31  3:15  Marine  
  31  3:16  Marine  
  31  3:18  SCV  
  34  3:22  Barracks  
  34  3:25  SCV  
  35  3:33  SCV  
  35  3:35  Marine x2  
  35  3:36  Factory Tech Lab  
  36  3:41  SCV  
  36  3:45  SCV  
  35  3:53  SCV  
  35  3:54  Cyclone  
  37  3:56  Starport Reactor  
  37  3:57  Starport Tech Lab, SCV, Marine  
  39  4:05  SCV  
  39  4:09  SCV  
  41  4:11  Marine  
  41  4:15  Marine  
  43  4:19  SCV  
  43  4:21  SCV  
  45  4:24  Barracks  
  45  4:29  Marine  
  46  4:31  Stimpack  
  46  4:36  Supply Depot  
  46  4:40  Supply Depot  
  46  4:43  SCV x2  
  45  4:48  Cyclone  
  45  4:51  Marine  
  46  4:57  Engineering Bay, Marine x2  
  46  4:58  SCV x2  
  46  4:59  Starport Reactor  
  50  5:10  SCV x2  
  50  5:12  Supply Depot  
  50  5:13  Refinery  
  52  5:17  Marine x3  
  55  5:22  SCV x2  
  55  5:26  Terran Infantry Weapons Level 1  
  55  5:27  Factory Tech Lab  
  57  5:32  Marine  
  57  5:33  Combat Shield  
  57  5:34  SCV x2  
  57  5:35  Marine x3  
  63  5:46  SCV x2  
  63  5:48  Supply Depot  
  63  5:49  Supply Depot  
  65  5:50  Siege Tank  
  65  5:52  Marauder  
  65  5:56  Marauder  
  70  5:57  Refinery  
  70  6:05  SCV  
  70  6:07  Marine  
  70  6:09  SCV, Marine  
  69  6:16  Missile Turret  
  68  6:19  Marauder  
  68  6:23  Missile Turret  
  68  6:25  Siege Tank, Marine x2  
  74  6:35  Missile Turret  
  74  6:39  Marine  
  75  6:40  Medivac, Marauder  
  75  6:41  Medivac  
  75  6:43  Marine  
  75  6:44  Marauder  
  75  6:46  Concussive Shells  
  84  6:48  SCV x2  
  84  6:50  Supply Depot  
  86  6:56  Supply Depot  
  86  6:59  Supply Depot  
  86  7:12  Medivac, Marauder x2, Marine x2  
  94  7:18  Medivac  
  96  7:29  Marine  
  96  7:34  Marauder x2  
  85  7:55  Marauder  
  85  7:57  Marauder, Marine  
  74  8:02  Marine  
  69  8:15  Marine  
  69  8:18  Marauder  
  69  8:19  Marauder  
  60  8:26  Marine  
  60  8:28  Bunker  
  60  8:32  Marine  
  56  8:38  Marine  
  56  8:40  Marine  
  58  8:45  Marine  
  53  8:50  Marine  
  52  9:09  Marauder, Marine x3  
  54  9:26  SCV  
  54  9:27  SCV, Marine  
  54  9:28  Marauder  
  59  9:34  Marauder  
  61  9:40  SCV x2  
  61  9:42  Marine  
Show
View Real Time Build Order
Export as new Build Order

PiLiPiLi Protoss - Winner!

Build Orders: 1 Gate Expand, Oracle Opening 

Get SALT Encoding   

  12  0:00  Probe  
  13  0:12  Probe  
  14  0:18  Pylon  
  14  0:25  Probe (Chrono Boost)  
  15  0:37  Probe (Chrono Boost)  
  15  0:38  Gateway  
  16  0:45  Probe (Chrono Boost)  
  16  0:48  Assimilator  
  17  0:51  Probe  
  18  1:03  Probe  
  19  1:15  Probe  
  20  1:26  Nexus  
  20  1:37  Cybernetics Core  
  20  1:39  Probe  
  21  1:46  Assimilator  
  21  1:51  Probe  
  22  1:57  Pylon  
  22  2:04  Probe  
  23  2:12  Adept (Chrono Boost)  
  25  2:16  Stargate  
  25  2:22  Probe  
  26  2:26  Warp Gate  
  26  2:33  Adept (Chrono Boost)  
  26  2:34  Probe  
  29  2:39  Probe  
  30  2:46  Probe  
  31  2:51  Probe  
  31  2:54  Pylon  
  31  2:58  Probe  
  33  2:59  Oracle (Chrono Boost)  
  36  3:06  Probe  
  36  3:11  Probe  
  38  3:14  Pylon  
  38  3:18  Probe  
  39  3:31  Oracle  
  39  3:32  Probe  
  39  3:33  Probe  
  42  3:44  Probe  
  42  3:45  Probe  
  44  3:51  Twilight Council  
  44  3:54  Assimilator  
  44  3:56  Probe  
  44  3:57  Probe  
  44  4:00  Assimilator  
  46  4:06  Gateway x2  
  46  4:08  Probe  
  46  4:09  Probe  
  48  4:18  Robotics Facility  
  48  4:20  Probe  
  48  4:22  Probe  
  50  4:26  Stalker  
  50  4:29  Dark Shrine  
  52  4:32  Probe  
  52  4:34  Probe  
  54  4:44  Probe  
  55  4:46  Probe  
  55  4:47  Blink (Chrono Boost)  
  55  4:52  Pylon  
  53  4:56  Probe  
  53  4:59  Probe  
  55  5:00  Stalker x2  
  55  5:04  Pylon  
  55  5:06  Observer  
  57  5:22  Nexus  
  57  5:28  Pylon  
  57  5:32  Robotics Bay  
  57  5:35  Probe x2  
  57  5:42  Dark Templar x2  
  62  5:46  Stalker  
  62  5:47  Probe  
  65  5:51  Probe  
  66  6:00  Shield Battery  
  66  6:01  Probe  
  68  6:04  Observer (Chrono Boost), Pylon  
  68  6:12  Probe  
  68  6:15  Probe  
  68  6:16  Dark Templar  
  70  6:21  Colossus (Chrono Boost)  
  70  6:24  Probe  
  75  6:25  Zealot x2  
  75  6:28  Gateway, Probe  
  75  6:29  Forge  
  75  6:30  Gateway  
  80  6:34  Probe  
  80  6:36  Probe  
  80  6:42  Charge (Chrono Boost)  
  80  6:43  Probe  
  81  6:47  Zealot, Sentry  
  81  6:49  Probe  
  86  6:57  Extended Thermal Lance  
  86  7:03  Zealot, Gateway  
  86  7:05  Colossus (Chrono Boost)  
  88  7:09  Shield Battery  
  88  7:10  Zealot  
  88  7:14  Pylon  
  96  7:18  Stalker  
  96  7:22  Photon Cannon  
  98  7:25  Stalker  
  98  7:29  Protoss Ground Weapons Level 1 (Chrono Boost)  
  100  7:32  Pylon  
  100  7:43  Zealot x4  
  108  7:44  Colossus (Chrono Boost)  
  102  7:56  Zealot  
  86  8:00  Zealot  
  86  8:04  Zealot x2, Stalker x2  
  94  8:07  Pylon  
  80  8:22  Stalker x2  
  80  8:25  Pylon  
  80  8:26  Zealot x2  
  85  8:27  Zealot x2  
  85  8:28  Colossus (Chrono Boost)  
  75  8:46  Stalker x4  
  75  8:49  Zealot  
  75  8:52  Zealot  
  64  9:10  Stalker  
  64  9:11  Stalker x3  
  64  9:13  Zealot  
  64  9:17  Observer  
  67  9:26  Zealot  
  67  9:27  Immortal (Chrono Boost)  
  73  9:41  Sentry  
  73  9:42  Zealot x3  
  81  9:52  Zealot, Sentry  

Tags
 
Add a new tag
Caveats
  • Supply blocks, unpowered buildings, or Contaminate may cause inaccurate times.
  • Supply counts are checked every 10 seconds.